 Dungeon Sprint DCSS version 0.18-a0-1140-g8540535 (webtiles) character file.

32 Kidiri the Sneak (level 3, -2/16 HPs)
             Began as a Spriggan Enchanter on Jan 21, 2016.
             Slain by a wolf (10 damage)
             ... in the Dungeon (Sprint III: "The Ten Rune Challenge").
             The game lasted 00:01:36 (93 turns).

Kidiri the Sneak (Spriggan Enchanter)                 Turns: 93, Time: 00:01:36

Health: -2/16      AC:  3    Str:  4    XL:     3   Next: 8%
Magic:  5/9        EV: 20    Int: 17    God:
Gold:   0          SH:  0    Dex: 16    Spells: 4 memorised, 1 level left

rFire  . . .     SeeInvis +     a - +1 dagger
rCold  . . .     Gourm    .     b - +1 robe
rNeg   . . .     Faith    .     (shield restricted)
rPois  .         Spirit   .     (helmet restricted)
rElec  .         Dismiss  .     (no cloak)
rCorr  .         Reflect  .     (gloves unavailable)
SustAt .         Harm     .     (boots unavailable)
MR     .....     NoTele   +     (no amulet)
Stlth  ++++......               (no ring)
                                k - ring of see invisible

@: very quick, not resistant to hostile enchantments, stealthy
A: unfitting armour, see invisible, herbivore 3, speed 3, slow metabolism 2
a: no special abilities


You were in the Dungeon.
You were not hungry.

You visited 1 branch

Inventory:

Hand Weapons
 a - a +1 dagger (weapon)
Armour
 b - a +1 robe (worn)
Jewellery
 k - a ring of see invisible (left hand)
Scrolls
 j - a scroll of blinking
Potions
 e - a potion of curing
 f - a potion of heal wounds
 g - a potion of haste
 h - 2 potions of magic
 i - a potion of berserk rage
Books
 c - a book of Maledictions

   Spells                             Type                      Level
   a - Corona                         Hexes                        1
   b - Ensorcelled Hibernation        Hexes/Ice                    2
   c - Confuse                        Hexes                        3
   d - Tukima's Dance                 Hexes                        3
   e - Dazzling Spray                 Conjuration/Hexes            3
Comestibles
 d - a bread ration


   Skills:
 * Level 3.3 Short Blades
 * Level 4.9 Dodging
 * Level 6.2 Stealth
 * Level 4.3 Spellcasting
 + Level 0.0 Conjurations
 + Level 4.4 Hexes
 + Level 0.0 Ice Magic


You had one spell level left.
You knew the following spells:

 Your Spells              Type           Power        Failure   Level  Hunger
a - Corona                Hex            ###....      2%          1    None
b - Ensorcelled Hibernat  Hex/Ice        ##....       12%         2    ##.....
c - Confuse               Hex            ###.....     10%         3    ###....
e - Dazzling Spray        Conj/Hex       ##......     21%         3    ###....


Dungeon Overview and Level Annotations

Branches:
Dungeon (1/1)

Altars:


Innate Abilities, Weirdness & Mutations

You are tiny and cannot use many weapons and most armour.
You have supernaturally acute eyesight.
You are a herbivore.
You cover ground extremely quickly.
You need consume almost no food.


Message History

The wolf is moderately wounded.
The wolf bites you but does no damage. The wolf bites you.
Unknown command.
The wolf bites you.
Cast which spell? (? or * to list)
Aiming: Ensorcelled Hibernation
Press: ? - help, Shift-Dir - straight line, f - wolf
Aim: a wolf (moderately wounded, chance to defeat MR: 42%)
The wolf resists with some effort.
The wolf bites you. The wolf completely misses you.
Casting: Ensorcelled Hibernation
Confirm with . or Enter, or press ? or * to list all spells.
Aiming: Ensorcelled Hibernation
Press: ? - help, Shift-Dir - straight line, f/p - wolf
Aim: a wolf (moderately wounded, chance to defeat MR: 42%)
The wolf resists with some effort.
The wolf closely misses you. The wolf bites you!
Ouch! That really hurt!
You die...

▓▓▓▓▓▓▓▓▓
▓<..#)..####
▓...#......##
▓..##.......# ..#
▓##.##.##...# ..#
##.##h###..# #..#
▓#.####@##..# .p.+
▓.###..##..####...#
▓#.....##..###....#
###..##[..##.....#
##..##....#......#
#..###..##.#.....#
#..# #..#####....#
▓▓▓▓ ▓▓▓▓ ▓▓▓▓▓▓


You could see a wolf.

Vanquished Creatures
  Jessica (D)
  An ooze (D)
  2 rats (D)
4 creatures vanquished.

Notes
Turn   | Place    | Note
--------------------------------------------------------------
     0 | D        | Kidiri the Spriggan Enchanter began the quest for the Orb.
     0 | D        | Reached XP level 1. HP: 9/9 MP: 5/5
    31 | D        | Noticed Jessica
    38 | D        | Killed Jessica
    38 | D        | Reached skill level 6 in Stealth
    38 | D        | Reached XP level 2. HP: 13/13 MP: 6/8
    38 | D        | Reached XP level 3. HP: 16/16 MP: 6/9
    43 | D        | Learned a level 3 spell: Confuse
    46 | D        | Learned a level 2 spell: Ensorcelled Hibernation
    50 | D        | Learned a level 3 spell: Dazzling Spray
    93 | D        | Slain by a wolf

Vault maps used:
D:        dungeon_sprint_mu

Action                   || total
-------------------------++-------
Melee: Dagger            ||     5
 Cast: Ensorcelled Hiber ||     2
 Stab: Sleeping          ||     4
